AoeStats
← Sadicomane

Lombardia

510249088Analyzed
3v3 RM · 15h ago on Sep 30, 2026· 32m 42s· 6 players
Game mode
Random Map
Map size
Normal (6 player)
Population
200
Speed
Normal
Resources
Standard
Victory
Conquest
Starting age
Dark Age
Ending age
Imperial Age
RankedLock teamsTeams togetherTeam positionsShared explorationLock speedFull tech treeHidden civsTurbo modeCheats
Victory
Defeat
🇦🇷 Cumans · Argentina
1190
+13
🇦🇷 Aztecs · Argentina
1184
+13
🇦🇷 Portuguese · Argentina
1171
+13
🇨🇱 Goths · Chile
1159
-15
🇨🇱 Franks · Chile
1122
-13
🇨🇱 Lithuanians · Chile
1067
-11
yorzhpizarro
7:11 Loom
10:30 Feudal Age
12:51 Double-Bit Axe
18:55 Stone Mining
21:11 Castle Age
20:13 Fletching
21:01 Scale Barding Armor
22:46 Forging
23:16 Crossbowman
29:47 Light Cavalry
nono_age
7:36 Loom
9:51 Feudal Age
12:41 Scale Mail Armor
14:13 Forging
26:10 Castle Age
27:14 Chain Mail Armor
26:51 Fletching
newkenneth17
0:36 Loom
13:03 Feudal Age
17:24 Castle Age
14:54 Man-at-Arms
17:45 Scale Mail Armor
19:12 Double-Bit Axe
19:09 Horse Collar
20:22 Wheelbarrow
19:41 Gold Mining
21:22 Heavy Plow
22:31 Town Watch
24:45 Hand Cart
25:18 Stone Mining
28:00 Fletching
berenjena06
10:19 Feudal Age
10:24 Man-at-Arms
12:28 Double-Bit Axe
15:01 Scale Mail Armor
14:48 Loom
15:23 Horse Collar
16:35 Town Watch
18:05 Forging
19:08 Gold Mining
22:27 Castle Age
22:39 Long Swordsman
23:52 Chain Mail Armor
24:15 Redemption
25:08 Pikeman
27:12 Fervor
30:04 Wheelbarrow
30:28 Bow Saw
31:50 Sanctity
LaBestiaPOP8861
5:28 Loom
11:37 Feudal Age
15:51 Castle Age
15:16 Stone Mining
15:32 Gold Mining
21:23 Double-Bit Axe
35:15 Imperial Age
Sadicomane
5:13 Loom
9:50 Feudal Age
10:27 Double-Bit Axe
12:02 Horse Collar
21:17 Castle Age
20:12 Scale Barding Armor
20:37 Bloodlines
23:53 Wheelbarrow
26:02 Forging
26:10 Bow Saw
26:02 Heavy Plow
28:59 Gold Mining
29:00 Stone Mining
31:27 Chain Barding Armor
31:42 Iron Casting
Connection lost

Rejoining the realm…

Still unreachable

The connection could not be restored.

Session expired

The server has moved on; the page needs a fresh start.